 Dungeon Crawl Stone Soup version 0.29-a0-648-g6b26cc9f40 (webtiles) character file.

Game seed: 15595916869850494627

131 Bruhh the Insei (level 4, 0/54 HPs)
             Began as a Demigod Transmuter on June 20, 2022.
             Slain by a gnoll
             ... wielding a +0 whip
              (2 damage)
             ... on level 2 of the Dungeon.
             The game lasted 00:02:39 (2874 turns).

Bruhh the Insei (Demigod Transmuter)                Turns: 2874, Time: 00:02:41

Health: 0/54       AC: 22    Str: 11    XL:     4   Next: 61%
Magic:  7/10       EV:  2    Int: 19    God:
Gold:   162        SH:  0    Dex: 14    Spells: 4/8 levels left

rFire   . . .      SeeInvis +     - Unarmed
rCold   . . .      Faith    .   (no shield)
rNeg    . . .      Spirit   .   (body armour currently unavailable)
rPois   +          Reflect  .   (helmet currently unavailable)
rElec   .          Harm     .   (cloak currently unavailable)
rCorr   .          Rampage  .   (gloves currently unavailable)
Will    .....      NoTele   +   (boots currently unavailable)
Stlth   +.........              (no amulet)
HPRegen 0.18/turn               g - ring of see invisible
MPRegen 0.12/turn               (no ring)

@: tree-form, very slightly contaminated
A: stationary, stasis, torment immunity, boosted hp, high MP 1, forlorn, divine
attributes
a: no special abilities


You were on level 2 of the Dungeon.
You were a tree.
You visited 1 branch of the dungeon, and saw 3 of its levels.

You collected 162 gold pieces.

Inventory:

Armour
 a - a +0 robe (melded)
 d - a +0 pair of boots (melded)
Jewellery
 g - a ring of see invisible (left branch)
Wands
 l - a wand of acid (7)
Scrolls
 c - 4 scrolls of immolation {unknown}
 f - 7 scrolls of identify {unknown}
 h - a scroll of poison {unknown}
 k - a scroll of teleportation {unknown}
Potions
 e - a potion of haste {unknown}
 i - a potion of brilliance {unknown}
 j - a potion of curing {unknown}
 m - a potion of cancellation {unknown}
 n - a potion of attraction {unknown}


   Skills:
 + Level 2.1 Fighting
 - Level 1.7 Dodging
 + Level 3.4 Unarmed Combat
 + Level 2.6 Spellcasting
 + Level 2.7 Transmutations


You had 4 spell levels left.
You knew the following spells:

 Your Spells              Type           Power      Damage    Failure   Level
a - Beastly Appendage     Tmut           26%        N/A       4%          1
b - Spider Form           Tmut/Pois      7%         N/A       26%         3

Your spell library contained the following spells:

 Spells                   Type           Power      Damage    Failure   Level
 Wereblood                Tmut           13%        N/A       8%          2
 Freeze                   Ice            8%         1d3       16%         1
 Frozen Ramparts          Ice            4%         1d2       43%         3
 Gell's Gravitas          Tloc           2%         N/A       43%         3
 Teleport Other           Tloc           2%         N/A       43%         3
 Ice Form                 Ice/Tmut       7%         N/A       65%         4
 Hailstorm                Conj/Ice       2%         3d3       85%         4
 Dispersal                Tloc           1%         N/A       100%        6


Dungeon Overview and Level Annotations

Branches:
Dungeon (3/15)

Shops:
D:3 =(


Innate Abilities, Weirdness & Mutations

You are a tree.
Your roots penetrate the ground, keeping you stationary.
You cannot be teleported.
You are immune to unholy pain and torment.
Your maximum health is greatly increased.
Your equipment is partially melded.
You have an increased reservoir of magic. (+10% MP)
You shall have no god before yourself.
Your divine heritage dramatically boosts your attributes as you level up.


Message History

Your +0 pair of boots melds into your body.
A gnoll comes into view. It is wielding a +0 whip.
A gnoll comes into view. It is wielding a +0 spear.
You barely miss the gnoll.
The gnoll shouts!
You headbutt the gnoll, but do no damage.
The gnoll barely misses you.
You hit the gnoll. Your kick misses the gnoll. You headbutt the gnoll!
The gnoll is almost dead.
The gnoll hits you with a +0 flail!
You closely miss the gnoll. Your kick misses the gnoll.
The gnoll is almost dead.
The gnoll hits you with a +0 flail.
Casting: Beastly Appendage (safe; 4% risk of failure)
Confirm with . or Enter, or press ? or * to list all spells.
Okay, then.
The gnoll attacks as you move away! The gnoll hits you with a +0 flail.
The gnoll attacks as you move away! The gnoll barely misses you.
The gnoll attacks as you move away! The gnoll barely misses you.
There is a stone staircase leading up here.
Your transformation is almost over.
The gnoll hits you with a +0 whip!
* * * LOW HITPOINT WARNING * * *
You climb upwards.
There is a stone staircase leading down here.
Casting: Beastly Appendage (safe; 4% risk of failure)
Confirm with . or Enter, or press ? or * to list all spells.
The spell is quite dangerous to miscast (26% risk of failure)!
Continue anyway?
You miscast Spider Form.
You are very lightly contaminated with residual magic.
Nothing appears to happen.
The gnoll hits you with a +0 whip!
* * * LOW HITPOINT WARNING * * *
Really quaff the potion of lignification?
Your horns disappear.
Your talons disappear.
Your +0 pair of boots unmelds from your body.
You turn into a tree.
Your +0 pair of boots melds into your body.
Your +0 robe melds into your body.
Your roots penetrate the ground.
The gnoll hits you with a +0 whip.
You die...

##.#†# #.#.# .#.#.# #.#.#
.#.#.###.#.# .#..<#.....#
.###.####################
.#......................#
.#.#.#################.##
<....#..........g# #.#
................♣# #.#
.#...#.#.#..##########.#
.#...#......#..........#
.#...#...##.#.##########
.....#......#.#
..............#
#.##.#############
.................#
##.#.###########.#


You could see a gnoll.

Vanquished Creatures
  A hound (D:3)
  4 adders
  A gnoll (D:2)
  2 worms (D:2)
  4 dart slugs
  5 ball pythons
  5 endoplasms
  5 giant cockroaches
  2 goblins (D:2)
  A hobgoblin (D:3)
  3 kobolds
  2 quokkas
  A bat (D:1)
  6 frilled lizards
  4 rats
46 creatures vanquished.

Notes
Turn   | Place    | Note
-------+----------+-------------------------------------------
     0 | D:1      | Bruhh the Demigod Transmuter began the quest for the Orb.
     0 | D:1      | Reached XP level 1. HP: 15/15 MP: 5/5
    25 | D:1      | Reached skill level 1 in Fighting
   392 | D:1      | Reached XP level 2. HP: 20/23 MP: 5/7
   941 | D:2      | Reached skill level 3 in Unarmed Combat
  1094 | D:2      | Reached XP level 3. HP: 24/28 MP: 6/8
  1882 | D:3      | Reached XP level 4. HP: 30/36 MP: 8/10
  2305 | D:2      | Learned a level 3 spell: Spider Form
  2413 | D:3      | Found Pase's Jewellery Emporium.
  2828 | D:3      | Found Bofiun's Antique Weapon Shoppe.
  2873 | D:2      | HP: 1/36 [gnoll/+0 whip (7)]
  2874 | D:2      | Slain by a gnoll

Illustrated notes

Levels and vault maps discovered:
D:1:      tarquinn_simple_flora_water_d, layout_loops_ring
D:2:      layout_basic
D:3:      minmay_angry_zag, layout_rooms, nicolae_kikubaaqudgha_miasma_corner,
          mainiacjoe_overflow_cross_hatched, serial_shops, shop_statue, shop,
          nicolae_square_shop, nicolae_square_shop, basic_ecumenical_altar,
          interstate_on_off, minmay_fractal_squares_gapless_5

Skill      XL: |  1  2  3  4 |
---------------+-------------+-----
Fighting       | 1 2 |  2.1
Spellcasting   | 2 |  2.6
Transmutations | 2 |  2.7
Unarmed Combat | 3 |  3.4
Dodging        | |  1.7

Action                   |  1- 3 |  4- 6 || total
-------------------------+-------+-------++-------
Melee: Unarmed           |    87 |    53 ||   140
       Kick              |    16 |    12 ||    28
       Headbutt          |    13 |     7 ||    20
       Punch             |     1 |       ||     1
 Cast: Beastly Appendage |    32 |    11 ||    43
       Spider Form       |       |     1 ||     1
  Use: Potion            |       |     1 ||     1
 Stab: Sleeping          |     2 |       ||     2
Armor: Robe              |    10 |    11 ||    21
Dodge: Dodged            |    49 |    35 ||    84

Table legend: (Time is in decaauts)
 A = Elapsed time spent in this place.
 B = Non-inter-level travel time spent in this place.
 C = Inter-level travel time spent in this place.
 D = Time resting spent in this place.
 E = Time spent auto-exploring this place.
 F = Levels seen in this place.
 G = Mean time per level.
                   A        B        C        D        E       F      G
               +--------+--------+--------+--------+--------+-----+--------+
         Total |   2866 |   2741 |    125 |    255 |   2057 |   3 |  955.3 |
       Dungeon |   2866 |   2741 |    125 |    255 |   2057 |   3 |  955.3 |
               +--------+--------+--------+--------+--------+-----+--------+

Top non-repeatable levels by time:
     D:2: 1300 daAuts
     D:1: 933 daAuts
     D:3: 632 daAuts
